AoeStats
← RealTortoise297

Enclosed

505113427Analyzed
1v1 RM · 23d ago on Sep 7, 2026· 41m 39s· 2 players
Game mode
Random Map
Map size
Tiny (2 player)
Population
200
Speed
Normal
Resources
Standard
Victory
Conquest
Starting age
Dark Age
Ending age
Imperial Age
RankedLock teamsTeams togetherTeam positionsShared explorationLock speedFull tech treeHidden civsTurbo modeCheats
Victory
Defeat
🇵🇪 Turks · Peru
830
+17
🇺🇸 Celts · United States
854
-46
Jamil El Grande
8:34 Loom
12:19 Feudal Age
15:21 Gold Mining
15:22 Double-Bit Axe
20:46 Castle Age
24:10 Gold Shaft Mining
29:01 Imperial Age
RealTortoise297
11:09 Feudal Age
11:00 Loom
11:36 Horse Collar
16:39 Double-Bit Axe
20:47 Castle Age
21:04 Light Cavalry
23:36 Bow Saw
25:30 Wheelbarrow
29:45 Hand Cart
29:16 Town Watch
30:00 Husbandry
31:16 Heavy Plow
36:32 Imperial Age
37:34 Cavalier
Connection lost

Rejoining the realm…

Still unreachable

The connection could not be restored.

Session expired

The server has moved on; the page needs a fresh start.